 Dungeon Crawl Stone Soup version 0.31-a0-744-gbc345e7fcb (webtiles) character file.

Game seed: 9561097010796315780

470 Bravepunisher the Nimble (level 6, -1/33 HPs)
             Began as a Spriggan Monk on Sept 13, 2023.
             Slain by Prince Ribbit (15 damage)
             ... on level 6 of the Dungeon.
             The game lasted 00:12:57 (2579 turns).

Bravepunisher the Nimble (Spriggan Monk)            Turns: 2579, Time: 00:12:57

Health: -1/33      AC:  4    Str: 13    XL:     6   Next: 82%
Magic:  7/7        EV: 23    Int: 12    God:
Gold:   100        SH:  0    Dex: 19    Spells: 5/5 levels left

rFire   . . .        a - +0 short sword
rCold   . . .        d - orb {light}
rNeg    . . .        b - +0 robe
rPois   .            (helmet restricted)
rElec   .            j - +1 cloak
rCorr   .            (gloves unavailable)
SInv    +            (boots unavailable)
Will    .....        (no amulet)
Stlth   +            i - +6 ring of strength
HPRegen 0.25/turn    (no ring)
MPRegen 0.10/turn

%: no passive effects
@: weak-willed, weakened, glowing, very quick
A: very small, no large weapons, unfitting armour, see invisible, speed 3
a: no special abilities


You were on level 6 of the Dungeon.
You visited 1 branch of the dungeon, and saw 7 of its levels.

You collected 100 gold pieces.

Inventory:

Hand Weapons
 a - a +0 short sword (weapon)
Armour
 b - a +0 robe (worn)
 d - an orb of light (worn)
 j - a +1 cloak (worn)
Jewellery
 e - a ring of ice
 i - a +6 ring of strength (left hand)
Wands
 h - a wand of roots (3)
Scrolls
 f - 2 scrolls of enchant armour


   Skills:
 + Level 4.2 Fighting
 - Level 3.2 Short Blades
 * Level 8.7 Dodging


You had 5 spell levels left.
You didn't know any spells.
Your spell library was empty.

Dungeon Overview and Level Annotations

Branches:
Dungeon (7/15)
 Temple: D:4-7

Altars:
Gozag
Hepliaklqana
Kikubaaqudgha
Okawaru
Sif Muna
Vehumet
Wu Jian
Yredelemnul

Annotations:
D:4 Pikel
D:5 Eustachio
D:6 Dowan, Duvessa, Prince Ribbit, Sigmund
D:7 Maggie, Menkaure


Innate Abilities, Weirdness & Mutations

You are very small and have problems with some larger weapons.
You are too small for most types of armour.
You have supernaturally acute eyesight. (SInv)
You cover ground extremely quickly. (Speed+++)


Message History

Prince Ribbit hits you but does no damage.
There is a fountain of sparkling water here.
The adder misses you.
As you read the scroll labelled YNUITW DIEF, it crumbles to dust.
Magic quickly surges around you.
It was a scroll of vulnerability.
Unknown command.
As you read the scroll labelled HODUQO DUIKKY, it crumbles to dust.
It is a scroll of identify.
You don't currently have any unidentified items.
Prince Ribbit closely misses you. Sigmund hits you but does no damage.
The gnoll bouda barks out a call to the hunt!
Prince Ribbit hits you. The adder misses you.
You feel much better. Prince Ribbit completely misses you.
The adder bites you but does no damage. Sigmund completely misses you.
The adder attacks as it pursues you! The adder bites you but does no damage.
The gnoll bouda gazes fiercely through you!
You feel your attacks grow feeble.
You hit Prince Ribbit.
Prince Ribbit is lightly wounded.
Prince Ribbit hops awkwardly around.
Prince Ribbit closely misses you. The adder closely misses you.
You closely miss Prince Ribbit.
Prince Ribbit is lightly wounded.
Prince Ribbit blinks!
The adder bites you but does no damage. Sigmund completely misses you.
The iguana barely misses you. The adder barely misses you.
You barely miss the iguana. Prince Ribbit barely misses you.
The gnoll bouda barks out a call to the hunt!
The gnoll sergeant picks up the pace!
The adder closely misses you.
You hit the iguana.
The iguana is moderately wounded.
Prince Ribbit blinks!
The iguana completely misses you.
Dowan gestures wildly while chanting.
Dowan blinks!
Sigmund completely misses you. The ice beast hits you.
The ice beast freezes you!
Prince Ribbit blinks!
The adder misses you.
You hit Prince Ribbit.
Prince Ribbit is lightly wounded.
The iguana bites you. Prince Ribbit hits you!
You die...

####.....g..#...#.###.#..........
.......l....#.#..#####...........
####.#e..........................
#.#.#.####g######..l..........
#.#.####..gg###...............
#...##8##..l##8#.............
####e..#.hg#@..#.............
#_....gelYSF#..............
#...##g##l@.#.....<........
##8##...##8##.............
###8.:.8###..####.#####.. ##._.##
#.. #.# .. ##### .... ... .. ###
..## .. #.. .. #.# #. #.


You could see Prince Ribbit (weak-willed), a black bear, an ice beast
(weak-willed), Sigmund (invisible, weak-willed), Dowan, a gnoll bouda, 3
iguanas, 4 gnolls and an adder (weak-willed).

Vanquished Creatures
  A water moccasin (D:6)
  An ice beast (D:6)
  A black bear (D:5)
  A bullfrog (D:6)
  A sleepcap (D:5)
  An orc wizard (D:5)
  2 adders
  2 shadow imps
  A white imp (D:5)
  An ufetubus (D:5)
  4 orcs
  2 endoplasms
  A giant cockroach (D:2)
  3 jackals (D:5)
  3 kobolds (D:4)
25 creatures vanquished.

Notes
Turn   | Place    | Note
-------+----------+-------------------------------------------
     0 | D:1      | Bravepunisher the Spriggan Monk began the quest for the
                  | Orb.
     0 | D:1      | Reached XP level 1. HP: 11/11 MP: 2/2
   288 | D:4      | Reached XP level 2. HP: 3/16 MP: 3/3
   347 | D:4      | Found an ornate altar of the Wu Jian Council.
   363 | D:5      | Entered Level 5 of the Dungeon
   562 | D:4      | Found a glowing drain.
   568 | D:4      | Noticed a lemure
   571 | D:4      | Noticed a lemure
   571 | D:4      | Noticed Pikel
   579 | D:4      | Noticed a lemure
   584 | D:4      | You fall into a shaft and drop 2 floors!
   588 | D:6      | Noticed a scorpion
   718 | D:6      | Noticed an ice beast
   743 | D:6      | Noticed a water moccasin
   765 | D:6      | Killed a water moccasin
   766 | D:6      | Reached skill level 6 in Dodging
   766 | D:6      | Reached XP level 3. HP: 12/20 MP: 4/4
   766 | D:6      | Reached XP level 4. HP: 14/24 MP: 5/5
   770 | D:6      | Killed an ice beast
   771 | D:6      | Reached skill level 7 in Dodging
   771 | D:6      | Reached XP level 5. HP: 18/28 MP: 6/6
   885 | D:6      | Noticed Duvessa
   902 | D:6      | Noticed a steam dragon
  1164 | D:5      | Found an iron altar of Okawaru.
  1164 | D:5      | Found a basalt altar of Yredelemnul.
  1239 | D:5      | Found a hazy altar of Hepliaklqana.
  1276 | D:5      | Noticed an ice beast
  1421 | D:5      | Reached XP level 6. HP: 33/33 MP: 7/7
  1488 | D:5      | Noticed Eustachio
  1771 | D:5      | Reached skill level 8 in Dodging
  1986 | D:6      | Noticed Sigmund
  2000 | D:7      | Found an opulent altar of Gozag.
  2026 | D:7      | Noticed Menkaure
  2059 | D:7      | Noticed an orc warrior
  2184 | D:7      | Noticed a water moccasin
  2342 | D:7      | Noticed Maggie
  2507 | D:6      | Noticed Dowan
  2533 | D:6      | Noticed an ice beast
  2547 | D:6      | Found a radiant altar of Vehumet.
  2561 | D:6      | Noticed Prince Ribbit
  2563 | D:6      | Found an ancient bone altar of Kikubaaqudgha.
  2564 | D:6      | Found a shimmering blue altar of Sif Muna.
  2579 | D:6      | Slain by Prince Ribbit

Illustrated notes

Levels and vault maps discovered:
D:1:      orjb1_lava_funnel, layout_basic
D:2:      layout_basic, hangedman_glass_teeth
D:3:      layout_rooms, uniq_grinder
D:4:      layout_basic, mainiacjoe_overflow_chevrons,
          mainiacjoe_overflow_six_doors_small, serial_forest,
          infiniplex_forest_clump_tiny, infiniplex_forest_straight_4,
          infiniplex_forest_lined_room_, infiniplex_forest_end_3,
          infiniplex_forest_lined_3, infiniplex_forest_clump_tiny,
          infiniplex_forest_clump_diagonal, infiniplex_forest_lined_2,
          gup_sewer_entry_glass, grunt_decor_mini_mirrors, uniq_pikel
D:5:      layout_basic, worldfamousw_hep_ancestral_shrine,
          gammafunk_temple_overflow_wave, minmay_temple_entry_purple_smoke,
          serial_shops, kennysheep_mini_moat, st_stairs_3, minmay_checkerbox,
          uniq_eustachio
D:6:      layout_basic, grunt_temple_overflow_magic_moments,
          serial_corexii_hall, corexii_hall_statues_x, corexii_hall_statues_x,
          serial_bayou_lagoon_a, minmay_circle_x, uniq_sigmund, uniq_duvessa,
          uniq_prince_ribbit1
D:7:      layout_gridville, nicolae_ru_the_path_less_chosen,
          mainiacjoe_overflow_surrounded_room, minmay_misc_feat_roman,
          uniq_maggie, uniq_menkaure

Skill      XL: |  1  2  3  4  5  6 |
---------------+-------------------+-----
Fighting       | 3 4 |  4.2
Dodging        | 6 7 8 |  8.7
Short Blades   | |  3.2

Action                     |  1- 3 |  4- 6 || total
---------------------------+-------+-------++-------
  Melee: Short sword       |    31 |   159 ||   190
  Evoke: Wand              |       |     1 ||     1
    Use: Potion            |     5 |     4 ||     9
         Scroll            |     2 |     5 ||     7
 Armour: Robe              |    13 |    76 ||    89
  Dodge: Dodged            |    19 |   228 ||   247

Table legend: (Time is in decaauts)
 A = Elapsed time spent in this place.
 B = Non-inter-level travel time spent in this place.
 C = Inter-level travel time spent in this place.
 D = Time resting spent in this place.
 E = Time spent auto-exploring this place.
 F = Levels seen in this place.
 G = Mean time per level.
                   A        B        C        D        E       F      G
               +--------+--------+--------+--------+--------+-----+--------+
         Total |   1883 |   1865 |     18 |    317 |    632 |   7 |  269.0 |
       Dungeon |   1883 |   1865 |     18 |    317 |    632 |   7 |  269.0 |
               +--------+--------+--------+--------+--------+-----+--------+

Top non-repeatable levels by time:
     D:5: 678 daAuts
     D:6: 421 daAuts
     D:4: 381 daAuts
     D:7: 272 daAuts
     D:2: 58 daAuts
     D:3: 52 daAuts
     D:1: 17 daAuts
